 Dungeon Crawl Stone Soup version 0.29-a0-422-gafbd6decc1 (webtiles) character file.

Game seed: 17015214592080699234

186 hquester the Ruffian (level 5, -2/54 HPs)
             Began as a Troll Monk on May 18, 2022.
             Slain by a killer bee (6 damage)
             ... on level 4 of the Dungeon.
             The game lasted 00:05:41 (1472 turns).

hquester the Ruffian (Troll Monk)                   Turns: 1472, Time: 00:05:42

Health: -2/54      AC:  6    Str: 19    XL:     5   Next: 38%
Magic:  4/4        EV: 10    Int:  6    God:
Gold:   124        SH:  0    Dex: 14    Spells: 4/4 levels left

rFire   . . .      SeeInvis .     - Unarmed
rCold   . . .      Faith    .   (no shield)
rNeg    . . .      Spirit   .   i - +2 robe {Will+}
rPois   .          Reflect  .   (helmet restricted)
rElec   .          Harm     .   (no cloak)
rCorr   .          Rampage  .   (gloves unavailable)
Will    +....                   (boots unavailable)
Stlth   ++........              g - amulet of the acrobat
HPRegen 0.98/turn               (no ring)
MPRegen 0.09/turn               (no ring)

@: no status effects
A: large, unfitting armour, claws 3, regeneration 1, shaggy fur 1, tough skin 1
a: no special abilities


You were on level 4 of the Dungeon.
You visited 1 branch of the dungeon, and saw 4 of its levels.

You collected 124 gold pieces.

Inventory:

Armour
 i - a +2 robe of willpower (worn)
Jewellery
 e - an amulet of guardian spirit
 g - an amulet of the acrobat (around neck)
Scrolls
 a - a scroll of acquirement {unknown}
 c - 4 scrolls of identify {unknown}
 d - a scroll of teleportation {unknown}
 f - a scroll of magic mapping {unknown}
 h - a scroll of immolation {unknown}
 n - a scroll of enchant armour {unknown}
Potions
 b - a potion of ambrosia
 j - a potion of heal wounds {unknown}
 k - a potion of might {unknown}
 l - a potion of berserk rage {unknown}
 m - a potion of invisibility {unknown}
 o - a potion of cancellation {unknown}


   Skills:
 * Level 3.9 Fighting
 + Level 3.2 Dodging
 - Level 1.1 Stealth
 + Level 4.0 Unarmed Combat


You had 4 spell levels left.
You didn't know any spells.
Your spell library contained the following spells:

 Spells                   Type           Power      Damage    Failure   Level
 Apportation              Tloc           0%         N/A       45%         1
 Ensorcelled Hibernation  Hex/Ice        0%         N/A       58%         2
 Passwall                 Tmut/Erth      0%         N/A       58%         2
 Gell's Gravitas          Tloc           0%         N/A       83%         3
 Lesser Beckoning         Tloc           0%         N/A       83%         3
 Swiftness                Air            0%         N/A       83%         3
 Teleport Other           Tloc           0%         N/A       83%         3
 Alistair's Intoxication  Tmut/Pois      0%         N/A       100%        5


Dungeon Overview and Level Annotations

Branches:
Dungeon (3/15)

Altars:

Annotations:
D:3 3 runed translucent doors, purpskrrrp's ghost, amateur TrDe
D:4 Robin


Innate Abilities, Weirdness & Mutations

You are too large for most types of armour.
You have claws for hands.
Your natural rate of healing is unusually fast.
You are covered in fur. (AC +1)
You have tough skin. (AC +1)


Message History

You closely miss the killer bee. Your claw misses the killer bee.
You feel sick.
You are no longer poisoned.
The killer bee barely misses you.
The killer bee stings you but does no damage.
You scratch the killer bee.
The killer bee is moderately wounded.
The killer bee stings you but does no damage.
Robin laughs in a distinctly smug fashion.
The killer bee stings you.
* * * LOW HITPOINT WARNING * * *
You miss the killer bee.
The killer bee is moderately wounded.
The killer bee stings you.
* * * LOW HITPOINT WARNING * * *
The killer bee stings you but does no damage.
You miss the killer bee.
The killer bee is moderately wounded.
The killer bee barely misses you.
Robin roars a battlecry!
The goblins go into a battle-frenzy!
You hear a shout!
You miss the killer bee.
The killer bee is moderately wounded.
The killer bee barely misses you. The killer bee stings you.
* * * LOW HITPOINT WARNING * * *
You claw the killer bee!
The killer bee is severely wounded.
The killer bee stings you but does no damage. x2
You scratch the killer bee. You claw the killer bee.
You kill the killer bee!
The killer bee stings you!
* * * LOW HITPOINT WARNING * * *
A hobgoblin comes into view.
Robin roars a battlecry!
You hear a shout!
Your Unarmed Combat skill increases to level 4!
The killer bee attacks as you move away!
The killer bee stings you.
You die...

#..##...## ##.#
..#####..####..# .#
##.g....# #
###....# ##..g#
##.g.## #...gg## #
##...##y## .#
##...####@# ..##
##...###...#
..>####..........##
#...##............#
##.............#..#
)............#...##
)....##...##.....#
##...###......##.#
##.## ##...####.#


You could see a killer bee, Robin, a hobgoblin (wandering, strong) and 3
goblins.

Vanquished Creatures
  2 killer bees (D:4)
  3 gnolls (D:4)
  3 adders (D:2)
  2 dart slugs (D:2)
  3 ball pythons
  3 endoplasms
  7 goblins
  A hobgoblin (D:2)
  4 jackals (D:3)
  5 kobolds
  2 quokkas (D:2)
  A bat (D:2)
  A rat (D:3)
37 creatures vanquished.

Notes
Turn   | Place    | Note
-------+----------+-------------------------------------------
     0 | D:1      | hquester the Troll Monk began the quest for the Orb.
     0 | D:1      | Reached XP level 1. HP: 22/22 MP: 0/0
   121 | D:1      | Noticed a golden eye
   123 | D:1      | Found a faded altar of an unknown god.
   125 | D:1      | Noticed a floating eye
   125 | D:1      | Noticed a great orb of eyes
   125 | D:1      | Noticed a shining eye
   213 | D:1      | Reached XP level 2. HP: 29/29 MP: 1/1
   820 | D:2      | Reached XP level 3. HP: 30/36 MP: 2/2
  1297 | D:3      | Found a runed translucent gate.
  1297 | D:3      | Noticed purpskrrrp's ghost (amateur TrDe)
  1298 | D:3      | Found a runed translucent gate.
  1298 | D:3      | Found a runed translucent gate.
  1343 | D:3      | Reached XP level 4. HP: 45/45 MP: 3/3
  1380 | D:3      | You fall into a shaft and drop 1 floor!
  1444 | D:4      | Noticed Robin
  1455 | D:4      | Reached XP level 5. HP: 29/54 MP: 4/4
  1472 | D:4      | Reached skill level 4 in Unarmed Combat
  1472 | D:4      | Slain by a killer bee

Illustrated notes

Levels and vault maps discovered:
D:1:      wander_arrival_desolate, layout_loops_ring,
          hellmonk_ecumenical_altar_watching_god, serial_park_tiny_1,
          minmay_misc_feat_tiny
D:2:      layout_basic
D:3:      layout_rooms, nicolae_dithmenos_through_a_glass_darkly,
          mainiacjoe_overflow_paths, ebering_ghost_rock_garden
D:4:      cheibrodos_fertilizer, layout_layer_cave,
          lightli_ossuary_entry_decrepit_ruins, minmay_starry_boxes, uniq_robin

Skill      XL: |  1  2  3  4  5 |
---------------+----------------+-----
Fighting       | 3 |  3.9
Dodging        | 3 |  3.2
Unarmed Combat | 4 |  4.0
Stealth        | |  1.1

Action                   |  1- 3 |  4- 6 || total
-------------------------+-------+-------++-------
Melee: Unarmed           |    75 |    25 ||   100
       Punch             |     2 |     2 ||     4
 Stab: Sleeping          |     3 |       ||     3
Armor: Robe              |    23 |    15 ||    38
Dodge: Dodged            |    38 |    42 ||    80

Table legend: (Time is in decaauts)
 A = Elapsed time spent in this place.
 B = Non-inter-level travel time spent in this place.
 C = Inter-level travel time spent in this place.
 D = Time resting spent in this place.
 E = Time spent auto-exploring this place.
 F = Levels seen in this place.
 G = Mean time per level.
                   A        B        C        D        E       F      G
               +--------+--------+--------+--------+--------+-----+--------+
         Total |   1464 |   1425 |     39 |      0 |   1047 |   4 |  366.0 |
       Dungeon |   1464 |   1425 |     39 |      0 |   1047 |   4 |  366.0 |
               +--------+--------+--------+--------+--------+-----+--------+

Top non-repeatable levels by time:
     D:1: 658 daAuts
     D:2: 600 daAuts
     D:3: 115 daAuts
     D:4: 89 daAuts
